 Dungeon Crawl Stone Soup version 0.29-a0-668-g12ee2bf84d (webtiles) character file.

Game seed: 14572131479109966379

260 blackman the Chopper (level 6, 0/51 HPs)
             Began as a Meteoran Fighter on June 23, 2022.
             Was a Follower of Ru.
             Splashed by a jelly's acid (12 damage)
             ... on level 4 of the Dungeon.
             The game lasted 00:07:43 (1326 turns).

blackman the Chopper (Meteoran Fighter)             Turns: 1326, Time: 00:07:44

Health: 0/51       AC:  0    Str: 19    XL:     6   Next: 69%
Magic:  7/7        EV: 11    Int: 10    God:    Ru [*.....]
Gold:   108        SH:  9    Dex: 14    Spells: 5/5 levels left

rFire   . . .      SeeInvis .   a - +0 war axe
rCold   . . .      Faith    .   p - +0 kite shield
rNeg    . . .      Spirit   .   b - +0 scale mail
rPois   .          Reflect  .   (no helmet)
rElec   .          Harm     .   (no cloak)
rCorr   .          Rampage  .   o - +0 pair of gloves
Will    .....                   (no boots)
Stlth   ..........              (no amulet)
HPRegen 0.17/turn               e - +4 ring of evasion
MPRegen 0.10/turn               (no ring)

@: corroded, glowing
A: sense surroundings 1, inability to train dodging, otherworldly, glowing,
explore regen
a: Renounce Religion


You were on level 4 of the Dungeon.
You worshipped Ru.
Ru was aware of your devotion.
You visited 1 branch of the dungeon, and saw 4 of its levels.

You collected 108 gold pieces.

Inventory:

Hand Weapons
 a - a +0 war axe (weapon)
Armour
 b - a +0 scale mail (worn)
 c - a +0 buckler
 o - a +0 pair of gloves (worn)
 p - a +0 kite shield (worn)
Jewellery
 e - a +4 ring of evasion (left hand)
Wands
 h - a wand of polymorph (7)
Scrolls
 f - a scroll of teleportation {unknown}
 g - a scroll of identify {unknown}
 i - 2 scrolls of enchant armour {unknown}
 l - a scroll of noise {unknown}
 n - a scroll of enchant weapon {unknown}
 s - a scroll of torment {unknown}
 t - a scroll of silence {unknown}
Potions
 d - a potion of might
 j - a potion of berserk rage {unknown}
 k - a potion of curing {unknown}
 m - a potion of resistance {unknown}
 q - 2 potions of lignification {unknown}
 r - a potion of degeneration {unknown}
 u - a potion of haste {unknown}


   Skills:
 - Level 3.2 Fighting
 + Level 7.5 Axes
 - Level 3.6 Armour
 * Level 3.7 Shields


You had 5 spell levels left.
You didn't know any spells.
Your spell library contained the following spells:

 Spells                   Type           Power      Damage    Failure   Level
 Sting                    Tmut/Pois      0%         1d3       98%         1
 Poisonous Vapours        Pois/Air       0%         N/A       99%         2
 Gell's Gravitas          Tloc           0%         N/A       100%        3
 Teleport Other           Tloc           0%         N/A       100%        3
 Olgreb's Toxic Radiance  Pois           0%         N/A       100%        4
 Dispersal                Tloc           0%         N/A       100%        6


Dungeon Overview and Level Annotations

Branches:
Dungeon (4/15) Zot: 1034
 Temple: D:4-7

Altars:
Ashenzari
Ru

Shops:
D:2 *


Innate Abilities, Weirdness & Mutations

You passively map a small area around you.
You cannot train Dodging skill.
You are easily found by Zot.
You glow in the dark.
You regain HP and MP as you explore.


Message History

A jelly is nearby!
The jelly closely misses you.
You barely miss the jelly. The jelly misses you.
You slash the jelly!
Your hands burn!
The jelly is heavily wounded.
The jelly closely misses you.
You hit the jelly.
Your hands burn!
The jelly is almost dead.
The jelly hits you. The acid corrodes you!
You are splashed with acid.
The jelly hits you but does no damage.
You completely miss the jelly.
The jelly is almost dead.
You block the jelly's attack.
You barely miss the jelly.
The jelly is almost dead.
You block the jelly's attack.
You hit the jelly but do no damage. The acid corrodes you!
Your hands burn!
The jelly is almost dead.
The jelly barely misses you.
You hit the jelly but do no damage.
Your hands burn!
The jelly is almost dead.
The jelly hits you.
You are splashed with acid!
The jelly completely misses you.
You are too injured to fight recklessly!
You are too injured to fight recklessly!
You are too injured to fight recklessly!
You hit the jelly but do no damage.
Your hands burn!
* * * LOW HITPOINT WARNING * * *
The jelly is almost dead.
You block the jelly's attack.
You hit the jelly but do no damage.
Your hands burn!
* * * LOW HITPOINT WARNING * * *
The jelly is almost dead.
You block the jelly's attack.
You barely miss the jelly.
The jelly is almost dead.
The jelly barely misses you. The jelly hits you.
* * * LOW HITPOINT WARNING * * *
You are splashed with acid!
You die...

#########.
##...........#######
#................#.
#.................#*
.................#
*...............#
#J.........(...#
#@^............#
#.....<........#
#............#.##
#..........###..#
#........#.# ##.##
##....##.#.####...
##..####.#.##..... ,
##.######.#........
,,
##.>###............<


You could see a jelly.

Vanquished Creatures
  Sigmund (D:2)
  An orc priest (D:3)
  3 adders
  A worm (D:2)
  4 orcs (D:3)
  4 ball pythons
  7 endoplasms
  2 giant cockroaches
  4 goblins
  4 hobgoblins
  A quokka (D:2)
  4 bats
  3 frilled lizards
  A kobold (D:2)
  4 rats
44 creatures vanquished.

Vanquished Creatures (others)
  A frilled lizard (D:2)
1 creature vanquished.

Grand Total: 45 creatures vanquished

Notes
Turn   | Place    | Note
-------+----------+-------------------------------------------
     0 | D:1      | blackman the Meteoran Fighter began the quest for the Orb.
     0 | D:1      | Reached XP level 1. HP: 19/19 MP: 2/2
    69 | D:1      | Reached skill level 3 in Axes
    69 | D:1      | Reached XP level 2. HP: 26/26 MP: 3/3
   253 | D:1      | You fall into a shaft and drop 1 floor!
   263 | D:2      | Found a broken altar of Ashenzari.
   286 | D:2      | Reached skill level 4 in Axes
   286 | D:2      | Reached XP level 3. HP: 29/31 MP: 4/4
   361 | D:2      | Found Lonuig's Assorted Antiques.
   374 | D:2      | Found a faded altar of an unknown god.
   383 | D:2      | Prayed at the altar of an unknown god.
   383 | D:2      | Became a worshipper of Ru the Awakened
   409 | D:2      | Gained mutation: You cannot train Dodging skill. [Ru
                  | sacrifice]
   409 | D:2      | Reached * piety under Ru
   419 | D:2      | Noticed Sigmund
   426 | D:2      | Killed Sigmund
   427 | D:2      | Reached skill level 6 in Axes
   427 | D:2      | Reached XP level 4. HP: 27/38 MP: 5/5
   427 | D:2      | Reached XP level 5. HP: 32/45 MP: 6/6
   427 | D:2      | Reached XP level 6. HP: 36/51 MP: 7/7
   472 | D:2      | Reached skill level 7 in Axes
   862 | D:2      | You fall into a shaft and drop 1 floor!
  1326 | D:4      | Splashed by a jelly's acid

Illustrated notes

Levels and vault maps discovered:
D:1:      amcnicky_arrival_feature_with_door, layout_rooms
D:2:      layout_basic, serial_shops, nicolae_shop_competitors_out_of_business,
          hellmonk_ecumenical_altar_slurped_away, basic_altar, uniq_sigmund
D:3:      layout_loops_ring, uniq_natasha
D:4:      layout_cave_pods, lemuel_doored_altar,
          minmay_temple_entry_stoned_glass, minmay_misc_feat_more_columns,
          nicolae_specific_store, uniq_robin, uniq_blork_the_orc, uniq_eustachio

Skill      XL: |  1  2  3  4  5  6 |
---------------+-------------------+-----
Axes           | 3 4 6 7 |  7.5
Fighting       | |  3.2
Armour         | |  3.6
Shields        | |  3.7

Action                   |  1- 3 |  4- 6 || total
-------------------------+-------+-------++-------
Melee: War axe           |    62 |    74 ||   136
Invok: Sacrifice Nimblen |     1 |       ||     1
  Use: Potion            |     1 |       ||     1
 Stab: Distracted        |       |     1 ||     1
Armor: Scale mail        |    29 |    26 ||    55
Dodge: Dodged            |    21 |    20 ||    41
Block: Buckler           |    18 |     9 ||    27
       Kite shield       |       |    17 ||    17

Table legend: (Time is in decaauts)
 A = Elapsed time spent in this place.
 B = Non-inter-level travel time spent in this place.
 C = Inter-level travel time spent in this place.
 D = Time resting spent in this place.
 E = Time spent auto-exploring this place.
 F = Levels seen in this place.
 G = Mean time per level.
                   A        B        C        D        E       F      G
               +--------+--------+--------+--------+--------+-----+--------+
         Total |   1364 |   1322 |     42 |      0 |    944 |   4 |  341.0 |
       Dungeon |   1364 |   1322 |     42 |      0 |    944 |   4 |  341.0 |
               +--------+--------+--------+--------+--------+-----+--------+

Top non-repeatable levels by time:
     D:2: 460 daAuts
     D:1: 428 daAuts
     D:3: 412 daAuts
     D:4: 63 daAuts
